 Dungeon Crawl Stone Soup version 0.23.2-1-ga50397a (webtiles) character file.

Game seed: 12839981024041780539

737 sankara the Slasher (level 7, 0/56 HPs)
             Began as a Minotaur Gladiator on May 20, 2019.
             Was an Initiate of Okawaru.
             Slain by a sky beast (6 damage)
             ... on level 4 of the Dungeon.
             The game lasted 00:10:01 (4598 turns).

sankara the Slasher (Minotaur Gladiator)            Turns: 4598, Time: 00:10:02

Health: 0/56       AC:  3    Str: 19    XL:     7   Next: 46%
Magic:  6/6        EV: 14    Int:  5    God:    Okawaru [......]
Gold:   98         SH:  0    Dex: 13    Spells: 6/6 levels left

rFire    . . .     SeeInvis .   a - +0 long sword
rCold    . . .     Gourm    .   (no shield)
rNeg     . . .     Faith    .   g - +0 leather armour
rPois    .         Spirit   .   c - +0 hat
rElec    .         Reflect  .   (no cloak)
rCorr    .         Harm     .   (no gloves)
MR       .....                  (no boots)
Stlth    +.........             (no amulet)
HPRegen  0.18/turn              (no ring)
MPRegen  0.10/turn              (no ring)

@: no status effects
A: retaliatory headbutt, horns 2
a: Renounce Religion


You were on level 4 of the Dungeon.
You worshipped Okawaru.
Okawaru was noncommittal.
You were not hungry.

You visited 2 branches of the dungeon, and saw 5 of its levels.

You collected 98 gold pieces.

Inventory:

Hand Weapons
 a - a +0 long sword (weapon)
 b - a +0 short sword of speed
   (You took it off a kobold on level 2 of the Dungeon)
 r - a +0 dagger
   (You took it off a goblin on level 2 of the Dungeon)
 v - a +0 hunting sling
   (You took it off a goblin on level 3 of the Dungeon)
Missiles
 d - 4 throwing nets {=f, !d}
 q - 12 poisoned needles
 s - 145 stones
 t - 12 tomahawks (quivered)
Armour
 c - a +0 hat (worn)
 g - a +0 leather armour (worn)
Scrolls
 h - 2 scrolls of fog {unknown}
 i - a scroll of magic mapping {unknown}
 j - 2 scrolls of noise {unknown}
 l - 3 scrolls of identify {unknown}
 m - 2 scrolls of amnesia {unknown}
 n - a scroll of immolation {unknown}
 p - 2 scrolls of teleportation {unknown}
 y - a scroll of remove curse {unknown}
Potions
 e - a potion of mutation {unknown}
 k - a potion of haste {unknown}
 o - a potion of heal wounds {unknown}
 u - a potion of flight {unknown}
 w - 2 potions of curing
Comestibles
 f - 6 rations
 x - 2 chunks of flesh {@w0}


   Skills:
 - Level 2.4 Fighting
 * Level 7.9 Long Blades
 - Level 2.0 Throwing
 + Level 4.7 Armour
 + Level 5.6 Dodging


You had 6 spell levels left.
You didn't know any spells.
Your spell library was empty.

Dungeon Overview and Level Annotations

Branches:
Dungeon (4/15)             Temple (1/1) D:4

Altars:
Ashenzari
Cheibriados
Dithmenos
Elyvilon
Fedhas
Kikubaaqudgha
Makhleb
Okawaru
Qazlal
Ru
Sif Muna
Trog
Uskayaw
Vehumet
Yredelemnul
Zin

Shops:
D:4 *[


Innate Abilities, Weirdness & Mutations

You reflexively headbutt those who attack you in melee.
You have a pair of horns on your head.


Message History

The adder is heavily wounded.
The adder bites you but does no damage.
You barely miss the adder.
The adder is heavily wounded.
The adder bites you.
You are too injured to fight recklessly!
You are too injured to fight recklessly!
You miss the adder.
The adder is heavily wounded.
The adder bites you. The adder barely misses you.
You riposte.
You barely miss the adder.
The adder is heavily wounded.
You barely miss the adder. Your headbutt misses the adder.
The adder is heavily wounded.
You feel sick.
You are no longer poisoned.
The adder barely misses you. You furiously retaliate!
You headbutt the adder. You slash the adder!
You kill the adder!
Okawaru accepts your kill.
w - 2 potions of curing (gained 1)
You start resting.
The hound is too close now for your liking.
A hound is nearby!
The hound barks!
The hound bites you.
You hit the hound. You headbutt the hound!
The hound is almost dead.
You are feeling hungry.
The hound bites you but does no damage.
You slash the hound!
You kill the hound!
Okawaru accepts your kill.
You start resting.
The hound is too close now for your liking.
The hound barks!
You slash the hound!
The hound is heavily wounded.
The hound bites you.
You are too injured to fight recklessly!
You are too injured to fight recklessly!
You are too injured to fight recklessly!
You miss the hound.
The hound is heavily wounded.
The hound barely misses you.
You slash the hound!
The hound is almost dead.
The hound closely misses you. x2; You furiously retaliate!
You headbutt the hound!
You kill the hound!
Okawaru accepts your kill.
You see here a hound corpse.
You butcher the hound corpse.
x - 3 chunks of flesh {@w0} You see here a hound skeleton.
You start resting.
Eating one of 3 chunks of flesh {@w0}.
You eat one of the 3 chunks of flesh {@w0}.
This raw flesh tastes terrible.
HP restored.
Found Gozag's Platinum Reserve.
y - a scroll labeled ZUROUF CASCHE A sky beast comes into view.
Why would you want to do that?
You hit the sky beast. Your headbutt misses the sky beast.
The sky beast is lightly wounded.
The sky beast hits you. The sky beast shocks you.
You closely miss the sky beast.
The sky beast is lightly wounded.
The sky beast closely misses you.
You closely miss the sky beast.
The sky beast is lightly wounded.
The sky beast misses you.
You miss the sky beast.
The sky beast is lightly wounded.
The sky beast flickers out of sight!
Deactivating autopickup; reactivate with Ctrl-A.
Something hits you but does no damage.
You closely miss something. Your headbutt misses something.
Something hits you but does no damage.
You barely miss something. You headbutt something. Something barely misses you.
You closely miss something. Something barely misses you.
You miss something. Something hits you but does no damage.
You slash something! Something hits you. Something shocks you.
You miss something. Something hits you. Something shocks you.
You hit something but do no damage. Something hits you. Something shocks you.
You barely miss something. Something hits you but does no damage.
You hit something. Your headbutt misses something. Something hits you.
Something shocks you.
You miss something. Your headbutt misses something.
Something barely misses you.
You hit something but do no damage. Your headbutt misses something.
Something hits you. Something shocks you.
You miss something. Something hits you.
* * * LOW HITPOINT WARNING * * *
Something shocks you.
* * * LOW HITPOINT WARNING * * *
Something hits you.
* * * LOW HITPOINT WARNING * * *
Something shocks you.
You die...

###..# .. #..... .. ##....
....... .. #.....
#........ ..
##..(#####........ .....
.##........#........ ...
≈≈≈≈≈≈≈...##........h ...
≈.....≈...##............#
..⌠.⌠.≈..@#....# #..##..
...∩..≈........####.....#
..⌠.⌠.≈........##.......##
≈.....≈#................#.
≈≈≈≈≈≈≈##.....÷.##.#......
##..... #.#.....##.###...#
#.....####.........##..##
#........##..........#..#
............#...........##


There were no monsters in sight!

Vanquished Creatures
  Sigmund (D:2)
  A phantom (D:4)
  A centaur (D:3)
  A scorpion (D:3)
  3 hounds (D:4)
  2 worker ants (D:4)
  4 gnolls (D:2)
  10 adders
  An ooze (D:1)
  2 worms (D:2)
  4 dart slugs
  3 leopard geckos
  3 orcs
  2 ball pythons
  3 giant cockroaches
  4 goblins
  3 hobgoblins (D:3)
  8 jackals
  A quokka (D:3)
  7 bats
  8 frilled lizards
  A jackal skeleton (D:4)
  11 kobolds
  5 rats
89 creatures vanquished.

Notes
Turn   | Place    | Note
-------+----------+-------------------------------------------
     0 | D:1      | sankara the Minotaur Gladiator began the quest for the Orb.
     0 | D:1      | Reached XP level 1. HP: 18/18 MP: 0/0
   172 | D:1      | Reached skill level 4 in Long Blades
   197 | D:1      | Reached XP level 2. HP: 20/25 MP: 1/1
   277 | D:1      | Reached skill level 1 in Armour
   516 | D:1      | Reached XP level 3. HP: 30/30 MP: 2/2
   960 | D:2      | Reached skill level 5 in Long Blades
   960 | D:2      | Reached skill level 2 in Armour
   960 | D:2      | Reached XP level 4. HP: 18/37 MP: 3/3
  1121 | D:2      | Reached skill level 4 in Dodging
  1403 | D:2      | Noticed Sigmund
  1435 | D:2      | Killed Sigmund
  1435 | D:2      | Reached skill level 6 in Long Blades
  1435 | D:2      | Reached skill level 3 in Armour
  1435 | D:2      | Reached XP level 5. HP: 25/42 MP: 4/4
  1706 | D:2      | Reached XP level 6. HP: 50/50 MP: 5/5
  2787 | D:3      | Reached skill level 5 in Dodging
  3441 | D:4      | Reached skill level 7 in Long Blades
  3441 | D:4      | Reached skill level 4 in Armour
  3754 | D:4      | Reached XP level 7. HP: 26/56 MP: 6/6
  4047 | D:4      | Found a staircase to the Ecumenical Temple.
  4058 | Temple   | Entered the Ecumenical Temple
  4211 | Temple   | Became a worshipper of Warmaster Okawaru
  4234 | D:4      | Found Wutof's Antique Armour Shoppe.
  4569 | D:4      | Found Gozag's Platinum Reserve.
  4596 | D:4      | HP: 14/56 [something (4)]
  4598 | D:4      | HP: 6/56 [something (3)]
  4598 | D:4      | Slain by a sky beast

Skill      XL: |  1  2  3  4  5  6 |
---------------+-------------------+-----
Long Blades    | 4 5 6 7 |  7.9
Armour         | 1 2 3 4 |  4.7
Dodging        | 4 5 |  5.6
Fighting       | |  2.4
Throwing       | |  2.0

Action                   |  1- 3 |  4- 6 |  7- 9 || total
-------------------------+-------+-------+-------++-------
Melee: Long sword        |    67 |   140 |    47 ||   254
       Headbutt          |     8 |    22 |     8 ||    38
       Unarmed           |       |     5 |       ||     5
Throw: Tomahawk          |       |     1 |       ||     1
 Stab: Sleeping          |     1 |     1 |       ||     2
       Confused          |       |     1 |       ||     1
  Eat: Chunk             |       |     9 |     3 ||    12
Armor: Leather armour    |     9 |    15 |     9 ||    33
Dodge: Dodged            |    46 |   104 |    21 ||   171
       Rpst.: Long sword |    11 |    29 |     5 ||    45

Levels and vault maps discovered:
D:1:      scummos_arrival_simple_fountains, layout_loops_ring,
          minmay_pentomino_p4
D:2:      layout_loops_cross, first_ration, uniq_sigmund
D:3:      layout_basic
D:4:      layout_cave_pools, lemuel_crystal_altar,
          nicolae_gozag_zags_fifth_avenue, minmay_temple_entry_trees,
          serial_shops, shop_statue
Temple:   eino_temple_rhombus

Table legend:
 A = Turns spent in this place as a percentage of turns spent in the entire game.
 B = Non-inter-level travel turns spent in this place as a percentage of non-inter-level travel turns spent in the entire game.
 C = Inter-level travel turns spent in this place as a percentage of turns spent in this place.
 D = Turns resting spent in this place as a percentage of non-inter-level travel turns spent in this place.
 E = Turns spent auto-exploring this place as a percentage of non-inter-level travel turns spent in this place.
 F = Non-inter-level travel turns spent in this place divided by the number of levels of this place that you've seen.
                   A       B       C       D       E      F
               +-------+-------+-------+-------+-------+----------------------
         Total | 100.0 | 100.0 |   1.7 |  35.6 |  47.5 | 903.6
       Dungeon |  96.3 |  96.8 |   1.2 |  36.8 |  46.0 | 1093.5
        Temple |   3.7 |   3.2 |  15.3 |   0.0 |  92.4 | 144.0
               +-------+-------+-------+-------+-------+----------------------

Table legend:
 A = Kills in this place as a percentage of kills in entire the game.
 B = Kills by you in this place as a percentage of kills by you in the entire game.
 C = Kills by friends in this place as a percentage of kills by friends in the entire game.
 D = Other kills in this place as a percentage of other kills in the entire game.
 E = Experience gained in this place as a percentage of experience gained in the entire game.
 F = Experience gained in this place divided by the number of levels of this place that you have seen.
                   A       B       C       D       E      F
               +-------+-------+-------+-------+-------+----------------------
         Total | 100.0 | 100.0 |   N/A |   N/A | 100.0 | 210.6
       Dungeon | 100.0 | 100.0 |   N/A |   N/A | 100.0 | 263.2
               +-------+-------+-------+-------+-------+----------------------
